 Dungeon Crawl Stone Soup version 0.23-b1-49-g13d5857 (webtiles) character file.

Game seed: 1629532920385307736

132 poirepourri the Chopper (level 4, 0/39 HPs)
             Began as a Minotaur Fighter on Feb 3, 2019.
             Succumbed to an adder's poison
             ... on level 2 of the Dungeon.
             The game lasted 00:01:08 (1536 turns).

poirepourri the Chopper (Minotaur Fighter)          Turns: 1536, Time: 00:01:09

Health: 0/39       AC:  6    Str: 26    XL:     4   Next: 92%
Magic:  3/3        EV:  7    Int:  5    God:
Gold:   48         SH: 11    Dex: 10    Spells: 3/3 levels left

rFire    . . .     SeeInvis .   a - +0 war axe
rCold    . . .     Gourm    .   c - +1 shield
rNeg     . . .     Faith    .   b - +0 scale mail
rPois    .         Spirit   .   (helmet restricted)
rElec    .         Reflect  .   (no cloak)
rCorr    .         Harm     .   (no gloves)
MR       .....                  (no boots)
Stlth    ..........             (no amulet)
HPRegen  0.13/turn              (no ring)
MPRegen  0.08/turn              (no ring)

@: mighty, lethally poisoned (0 -> -5)
A: retaliatory headbutt, horns 2
a: no special abilities


You were on level 2 of the Dungeon.
You were not hungry.

You visited 1 branch of the dungeon, and saw 2 of its levels.

You collected 48 gold pieces.

Inventory:

Hand Weapons
 a - a +0 war axe (weapon)
Missiles
 i - a throwing net (quivered)
Armour
 b - a +0 scale mail (worn)
 c - a +1 shield (worn)
Jewellery
 h - an uncursed ring of fire {unknown}
Scrolls
 e - a scroll of teleportation {unknown}
 k - a scroll of random uselessness {unknown}
 l - a scroll of remove curse
 o - a scroll of identify
Potions
 d - a potion of might
 g - a potion of lignification {unknown}
 j - 2 potions of curing
 m - 2 potions of flight
 n - a potion of resistance {unknown}
Comestibles
 f - 2 rations


   Skills:
 - Level 3.6 Fighting
 + Level 6.2 Axes
 - Level 3.6 Armour
 - Level 3.6 Shields


You had 3 spell levels left.
You didn't know any spells.
Your spell library was empty.

Dungeon Overview and Level Annotations

Branches:
Dungeon (2/15)

Altars:


Innate Abilities, Weirdness & Mutations

You reflexively headbutt those who attack you in melee.
You have a pair of horns on your head.


Message History

The adder bites you but does no damage. Something hits you but does no damage.
Your scale mail prevents you from hitting the adder.
You slash something!
Reactivating autopickup.
Your Axes skill increases to level 6!
You feel a bit more experienced.
You feel sick. The adder bites you.
You are more poisoned.
The adder poisons you! The adder bites you but does no damage.
You miss the adder.
You feel sick. You block the adder's attack.
You barely miss the adder. Your headbutt misses the adder.
You feel sick. The adder bites you but does no damage.
You block the adder's attack.
Your shield and scale mail prevent you from hitting the adder.
Your headbutt misses the adder.
You feel sick. The adder bites you but does no damage.
You block the adder's attack.
You slash the adder!
You kill the adder!
The orc priest mumbles some strange prayers to Beogh against you.
Beogh smites you!
* * * LOW HITPOINT WARNING * * *
You die...

gb##....# #.##.OF ##...#
#..#$. #...# ...###
#.[.# #.# # ###'## #.#
###.#.#.######
#.###.....#)......
#o#.<.............
#.#####@###....###......
#.......)...............
#.....#.#########.#.####
#.###.#.........#.#.#
#.#.........#.#.#
#....########.#.#
#......(....#.#.#
#..########.#.#.####
#.........#.#.#.....


You could see an orc priest.

Vanquished Creatures
  An orc wizard (D:2)
  Terence (D:2)
  A gnoll (D:1)
  2 adders (D:2)
  A worm (D:2)
  3 dart slugs (D:1)
  A leopard gecko (D:2)
  2 orcs (D:2)
  A ball python (D:2)
  3 giant cockroaches
  A goblin (D:2)
  3 hobgoblins
  6 kobolds (D:1)
  2 quokkas (D:2)
  3 bats (D:1)
  4 frilled lizards
  6 rats
41 creatures vanquished.

Notes
Turn   | Place    | Note
-------+----------+-------------------------------------------
     0 | D:1      | poirepourri the Minotaur Fighter began the quest for the
                  | Orb.
     0 | D:1      | Reached XP level 1. HP: 19/19 MP: 0/0
    49 | D:1      | Reached skill level 3 in Axes
   126 | D:1      | Reached XP level 2. HP: 26/26 MP: 1/1
   339 | D:1      | Reached skill level 4 in Axes
   482 | D:1      | Reached XP level 3. HP: 13/31 MP: 2/2
  1181 | D:2      | Noticed an ogre
  1181 | D:2      | Noticed a bullfrog
  1187 | D:2      | Noticed Terence
  1200 | D:2      | Killed Terence
  1200 | D:2      | Reached skill level 5 in Axes
  1200 | D:2      | Reached XP level 4. HP: 35/39 MP: 3/3
  1531 | D:2      | Reached skill level 6 in Axes
  1535 | D:2      | HP: 1/39 [orc priest/divine providence (10)]
  1536 | D:2      | Succumbed to an adder's poison

Skill      XL: |  1  2  3  4 |
---------------+-------------+-----
Axes           | 3 4 5 6 |  6.2
Fighting       | |  3.6
Armour         | |  3.6
Shields        | |  3.6

Action                   |  1- 3 |  4- 6 || total
-------------------------+-------+-------++-------
Melee: War axe           |    81 |    42 ||   123
       Headbutt          |    16 |     2 ||    18
  Use: Scroll            |     4 |       ||     4
       Potion            |       |     2 ||     2
  Eat: Ration            |     1 |       ||     1
Armor: Scale mail        |    18 |    16 ||    34
Dodge: Dodged            |    22 |    10 ||    32
Block: Shield            |    49 |    23 ||    72
